 Dungeon Crawl Stone Soup version 0.31-a0-246-g8cbcc1cb85 (webtiles) character file.

Game seed: 9491979306132530055

91 qw the Shooter (level 4, -2/36 HPs)
             Began as a Minotaur Hexslinger on July 12, 2023.
             Slain by an orc
             ... wielding a +0 trident
              (5 damage)
             ... on level 3 of the Dungeon.
             The game lasted 00:00:29 (1456 turns).

qw the Shooter (Minotaur Hexslinger)                Turns: 1456, Time: 00:00:29

Health: -2/36      AC:  5    Str: 12    XL:     4   Next: 34%
Magic:  4/4        EV: 11    Int: 10    God:
Gold:   111        SH:  0    Dex: 15    Spells: 4/5 levels left

rFire   . . .        Y - +3 sling
rCold   . . .        (no shield)
rNeg    . . .        e - +0 ring mail
rPois   .            (helmet restricted)
rElec   .            (no cloak)
rCorr   .            (no gloves)
SInv    .            (no boots)
Will    .....        (no amulet)
Stlth   +            (no ring)
HPRegen 0.26/turn    (no ring)
MPRegen 0.09/turn

%: no passive effects
@: no status effects
A: horns 2, retaliatory headbutt
a: no special abilities


You were on level 3 of the Dungeon.
You visited 1 branch of the dungeon, and saw 3 of its levels.

You collected 111 gold pieces.


Innate Abilities, Weirdness & Mutations

You have a pair of horns on your head.
You reflexively headbutt those who attack you in melee.


   Skills:
 - Level 2.0 Fighting
 - Level 4.7 Ranged Weapons
 + Level 0.8 Armour
 - Level 2.1 Dodging
 - Level 1.0 Spellcasting
 - Level 2.0 Hexes


You had 4 spell levels left.
You knew the following spells:

 Your Spells              Type           Power      Damage    Failure   Level
a - Slow                  Hex            16%        N/A       34%         1

Your spell library contained the following spells:

 Spells                   Type           Power      Damage    Failure   Level
 Inner Flame              Hex/Fire       2%         N/A       83%         3
 Portal Projectile        Hex/Tloc       4%         N/A       83%         3
 Cause Fear               Hex            2%         N/A       98%         4

Inventory:

Hand Weapons
 Y - a +3 sling (weapon)
Armour
 e - a +0 ring mail (worn)
Potions
 a - a potion of magic {unknown}
 b - a potion of mutation {unknown}
 c - a potion of enlightenment {unknown}
 d - 2 potions of curing
 f - a potion of haste
 g - a potion of heal wounds {unknown}
 h - a potion of attraction {unknown}

Dungeon Overview and Level Annotations

Branches:
Dungeon (3/15)

Altars:


Message History

The sling bullet closely misses the orc.
The orc shouts!
You hear an angry hiss.
The orc hits you with a +0 dagger.
A frilled lizard comes into view.
The orc hits you but does no damage.
The orc hits you from afar with a +0 trident.
You shoot a sling bullet.
The sling bullet completely misses the orc.
The orc closely misses you.
The orc hits you from afar with a +0 trident.
You shoot a sling bullet. The sling bullet barely misses the orc.
The orc hits you but does no damage. x2
You shoot a sling bullet. The sling bullet barely misses the orc.
The orc hits you with a +0 dagger.
The orc hits you from afar with a +0 trident.
You shoot a sling bullet. The sling bullet hits the orc.
The orc is severely wounded.
The orc barely misses you. The orc hits you but does no damage.
The orc closely misses you. The orc barely misses you.
You shoot a sling bullet. The sling bullet hits the orc.
You kill the orc!
You hear the slow rusting of a very distant drain.
The orc hits you from afar with a +0 trident.
The frilled lizard bites you but does no damage.
The orc hits you with a +0 club.
You shoot a sling bullet.
The sling bullet hits the orc but does no damage.
The orc barely misses you. You furiously retaliate!
You headbutt the orc.
The orc hits you from afar with a +0 trident!
The frilled lizard bites you.
You shoot a sling bullet. The sling bullet hits the orc.
You kill the orc!
The frilled lizard closely misses you. The orc barely misses you.
You shoot a sling bullet.
The sling bullet misses the frilled lizard.
The orc hits you from afar with a +0 trident.
The frilled lizard bites you. The frilled lizard barely misses you.
The orc hits you from afar with a +0 trident.
You die...

####............
#.###.##..## #.#
#.##..# #.# #.##..#
.###.###.....#
....%.:..###.########
.....###.# #.7.....\.
.....# #.# #.........
. #.# #@l.......
#...))7..\....
####.#o....... #.
........ ## \.._..\.
........ ........
8..\..


You could see an orc and a frilled lizard.

Vanquished Creatures
  Natasha (D:2)
  An adder (D:2)
  A worm (D:2)
  2 dart slugs (D:1)
  3 orcs (D:3)
  5 ball pythons
  5 endoplasms
  3 giant cockroaches (D:1)
  5 goblins (D:1)
  3 hobgoblins
  3 jackals (D:2)
  A quokka (D:1)
  A bat (D:1)
  A frilled lizard (D:2)
  2 kobolds
  4 rats
41 creatures vanquished.

Notes
Turn   | Place    | Note
-------+----------+-------------------------------------------
     0 | D:1      | qw the Minotaur Hexslinger began the quest for the Orb.
     0 | D:1      | Reached XP level 1. HP: 16/16 MP: 1/1
     0 | D:1      | 0 ||| qw: Version: 0.3-a-52-g30416fa
     0 | D:1      | 0 ||| qw: Game counter: 6233
     0 | D:1      | 0 ||| qw: Melee chars always use a shield: true
     0 | D:1      | 0 ||| qw: God list: Okawaru
     0 | D:1      | 0 ||| qw: Allow faded altars: false
     0 | D:1      | 0 ||| qw: Do Orc after clearing Dungeon:15 true
     0 | D:1      | 0 ||| qw: Do second Lair branch before Depths: true
     0 | D:1      | 0 ||| qw: Lair rune preference: random
     0 | D:1      | 0 ||| qw: Goals: Normal
     0 | D:1      | 0 ||| PLANNING D:1-11
   148 | D:1      | Reached skill level 3 in Ranged Weapons
   150 | D:1      | Reached XP level 2. HP: 23/23 MP: 2/2
   173 | D:1      | 173 ||| FLEEEEING.
   672 | D:1      | Reached XP level 3. HP: 29/29 MP: 3/3
   687 | D:1      | 687 ||| READING 2 scrolls labelled GOSUOR WILU.
   688 | D:1      | 688 ||| READING scroll of enchant weapon.
   688 | D:1      | 688 ||| ENCHANTING +2 sling.
   689 | D:1      | 689 ||| DRINKING 2 bubbling orange potions.
   690 | D:1      | 690 ||| DROPPING scroll of poison.
   731 | D:2      | 731 ||| STAIRDANCE
   938 | D:2      | Reached skill level 4 in Ranged Weapons
  1018 | D:2      | Noticed Natasha
  1022 | D:2      | Killed Natasha
  1023 | D:2      | Reached XP level 4. HP: 30/36 MP: 4/4
  1382 | D:2      | 1382 ||| UPGRADING to +0 ring mail.
  1392 | D:2      | 1392 ||| DROPPING +0 robe.
  1393 | D:2      | 1393 ||| READING scroll labelled GIDUSH ARAUCHU.
  1394 | D:2      | 1394 ||| DRINKING 3 purple potions.
  1408 | D:3      | 1408 ||| PLANNING SEWER
  1437 | D:3      | Found a faded altar of an unknown god.
  1454 | D:3      | HP: 8/36 [frilled lizard (2)]
  1456 | D:3      | HP: 3/36 [frilled lizard (1)]
  1456 | D:3      | Slain by an orc

Levels and vault maps discovered:
D:1:      lemuel_arrival_rhombus, layout_basic
D:2:      layout_loops_cross, uniq_natasha
D:3:      layout_loops_ring, gup_sewer_entry_bubbles,
          hellmonk_ecumenical_altar_arch_garden, serial_shops,
          nicolae_shop_hallway_plus, nicolae_shop_back_alley_shop, shop,
          uniq_ijyb

Skill      XL: |  1  2  3 |
---------------+----------+-----
Ranged Weapons | 3 4 |  4.7
Fighting       | 2 |  2.0
Armour         | |  0.8
Dodging        | |  2.1
Spellcasting   | |  1.0
Hexes          | |  2.0

Action                     |  1- 3 |  4- 6 || total
---------------------------+-------+-------++-------
   Fire: Sling             |    75 |    27 ||   102
    Use: Scroll            |     2 |     1 ||     3
         Potion            |     1 |     1 ||     2
 Armour: Robe              |     3 |       ||     3
         Ring mail         |       |     5 ||     5
  Dodge: Dodged            |    15 |     8 ||    23

Table legend:
 A = Non-vault XP
 B = Vault XP
 C = Vault XP percentage of total XP
 D = Non-vault monster count
 E = Vault monster count
 F = Vault count percentage of total count
                 A         B        C        D         E       F
            +---------+---------+-------+---------+---------+-------
      Total |      92 |      39 |  29.8 |      40 |       1 |   2.4
            +---------+---------+-------+---------+---------+-------
        D:1 |      44 |       0 |   0.0 |      23 |       0 |   0.0
        D:2 |      36 |      39 |  52.0 |      12 |       1 |   7.7
        D:3 |      12 |       0 |   0.0 |       5 |       0 |   0.0
            +---------+---------+-------+---------+---------+-------
